 Dungeon Crawl Stone Soup version 0.18.1-1-g2f07953 (webtiles) character file.

834 M4edhros the Covert (level 7, 0/43 HPs)
             Began as an Octopode Artificer on May 7, 2016.
             Was an Initiate of Gozag.
             Slain by a gnoll
             ... wielding a +0 spear
              (6 damage)
             ... on level 2 of the Dungeon.
             The game lasted 00:05:35 (4919 turns).

M4edhros the Covert (Octopode Artificer)            Turns: 4919, Time: 00:05:36

Health: 0/43       AC:  1    Str: 11      XL:     7   Next: 98%
Magic:  9/9        EV: 12    Int: 14      God:    Gozag
Gold:   412        SH:  0    Dex: 13 (14) Spells: 0 memorised, 6 levels left

rFire  . . .     SeeInvis .     m - +2 falchion (slice)
rCold  . . .     Gourm    .     (no shield)
rNeg   . . .     Faith    .     (helmet restricted)
rPois  .         Spirit   .     (no amulet)
rElec  .         Dismiss  .     (no ring)
rCorr  .         Reflect  .     (no ring)
SustAt .         Harm     .     (no ring)
MR     .....                    (no ring)
Stlth  +++++++...               (no ring)
                                (no ring)
                                (no ring)
                                (no ring)

@: gold aura, not resistant to hostile enchantments, extremely stealthy
A: almost no armour, amphibious, 8 rings, constrict 8, camouflage 1, gelatinous
body 1
a: Potion Petition, Call Merchant, Bribe Branch, Renounce Religion


You were on level 2 of the Dungeon.
You worshipped Gozag.
Gozag was noncommittal.
You were not hungry.

You visited 2 branches of the dungeon, and saw 5 of its levels.
You also visited: Ossuary.

You collected 467 gold pieces.
You paid 55 gold pieces to Gozag.

Inventory:

Hand Weapons
 a - a +0 short sword
 m - a +2 falchion of slicing (weapon)
 n - a +1 great sword of electrocution
Jewellery
 u - a cursed -2 ring of protection {unknown}
Wands
 b - a wand of flame (14/48)
 c - a wand of enslavement (15/24)
 d - a wand of random effects (14/48)
 h - a wand of confusion (23/48)
Scrolls
 e - 8 scrolls of identify {unknown}
 g - 5 scrolls of teleportation {unknown}
 k - 3 scrolls of remove curse {unknown}
 o - 2 scrolls of immolation {unknown}
 p - a scroll of enchant armour {unknown}
 s - 2 scrolls of enchant weapon {unknown}
Potions
 j - 3 potions of might {unknown}
 l - a potion of magic {unknown}
 q - a potion of flight {unknown}
 r - 3 potions of heal wounds
 t - 2 potions of berserk rage {unknown}
Comestibles
 f - 2 bread rations
 v - 2 meat rations


   Skills:
 - Level 1.0 Fighting
 - Level 1.0 Short Blades
 - Level 2.0 Dodging
 + Level 12.0 Stealth
 - Level 3.2 Evocations


You had 6 spell levels left.
You didn't know any spells.

Dungeon Overview and Level Annotations

Branches:
Dungeon (4/15)             Temple (1/1) D:4

Altars:
Ashenzari
Dithmenos
Gozag
Kikubaaqudgha
Nemelex Xobeh
Okawaru
Pakellas
Ru
Vehumet
Xom
Zin


Innate Abilities, Weirdness & Mutations

You cannot wear most types of armour.
You are amphibious.
You can wear up to eight rings at the same time.
You can use your tentacles to constrict eight enemies at once.
Your skin changes colour to match your surroundings (Stealth).
Your rubbery body absorbs attacks (AC +1).


Message History

The gnoll hits you from afar with a spear! x2
You are too injured to fight recklessly!
The gnoll hits you from afar with a spear.
The gnoll hits you with a spear.
* * * LOW HITPOINT WARNING * * *
Things that are here:
15 gold pieces; a flail; a club You are too injured to fight recklessly!
You hit the gnoll. Your grab misses the gnoll.
The gnoll is moderately wounded.
The gnoll barely misses you. The gnoll hits you with a spear.
* * * LOW HITPOINT WARNING * * *
The gnoll is distracted by the nearby gold.
You are too injured to fight recklessly!
The gnoll shouts!
You hit the gnoll. Your grab misses the gnoll.
The gnoll is severely wounded.
The gnoll hits you with a spear.
You die...
Your body crumbles into a pile of gold.

#. ... #.# #.##.##
#.# ....# . # #.#
...#.#.#.#.#
..#.#.#.#.#
#.#.#....<#
#.#.###.#.########
#.#...............
#@#.###.#.########
#g#.###.#.########
#g#>.<...........(
#.#####.#.########
#.# #...#.#
#.###...#.#
#.........##
#............
##.......####


You could see 2 gnolls.

Vanquished Creatures
  A phantom (D:4)
  An elf zombie (D:4)
  An elf skeleton (D:4)
  3 water moccasin zombies (Ossuary)
  2 human zombies (D:4)
  An orc wizard (D:4)
  3 human skeletons (D:4)
  Terence (D:3)
  A worker ant (D:4)
  4 big kobold zombies (Ossuary)
  2 mummies (Ossuary)
  4 adders (D:3)
  2 gnolls (D:2)
  4 adder zombies (Ossuary)
  A dart slug (D:1)
  2 worms
  3 giant geckos
  5 orcs
  A ball python (D:3)
  4 bats (D:3)
  4 goblins
  4 hobgoblins
  5 jackals
  3 kobolds (D:1)
  A quokka (D:4)
  7 giant newts
  2 gnoll zombies (Ossuary)
  4 hobgoblin zombies (Ossuary)
  2 kobold zombies (Ossuary)
  6 orc zombies
  6 rats
90 creatures vanquished.

Notes
Turn   | Place    | Note
--------------------------------------------------------------
     0 | D:1      | M4edhros the Octopode Artificer began the quest for the Orb.
     0 | D:1      | Reached XP level 1. HP: 13/13 MP: 3/3
   136 | D:1      | Reached skill level 2 in Stealth
   213 | D:1      | Reached skill level 3 in Stealth
   213 | D:1      | Reached XP level 2. HP: 15/18 MP: 4/4
   792 | D:1      | Reached skill level 4 in Stealth
   792 | D:1      | Reached XP level 3. HP: 18/23 MP: 5/5
  1054 | D:3      | Noticed Terence
  1064 | D:3      | Killed Terence
  1064 | D:3      | Reached skill level 5 in Stealth
  1095 | D:3      | Reached XP level 4. HP: 28/28 MP: 6/6
  1268 | D:3      | Reached skill level 6 in Stealth
  1413 | D:4      | Noticed a phantom
  1578 | D:4      | Found a staircase to the Ecumenical Temple.
  1584 | Temple   | Entered the Ecumenical Temple
  1626 | Temple   | Became a worshipper of Gozag Ym Sagoz the Greedy
  1823 | D:4      | Reached skill level 7 in Stealth
  1823 | D:4      | Reached XP level 5. HP: 10/33 MP: 7/7
  1917 | D:4      | Reached skill level 8 in Stealth
  1927 | D:4      | Reached XP level 6. HP: 9/38 MP: 8/8
  1939 | D:4      | Found a sand-covered staircase.
  1944 | D:4      | Reached skill level 9 in Stealth
  1948 | Ossuary  | Entered an ossuary
  2750 | Ossuary  | Reached skill level 10 in Stealth
  2750 | Ossuary  | Reached XP level 7. HP: 20/43 MP: 9/9
  3733 | D:4      | Reached skill level 11 in Stealth
  4352 | D:3      | Found a sacrificial altar of Ru.
  4704 | D:3      | Found a radiant altar of Vehumet.
  4778 | D:3      | Reached skill level 12 in Stealth
  4919 | D:2      | Slain by a gnoll

Skill      XL: |  1  2  3  4  5  6  7 |
---------------+----------------------+-----
Stealth        | 3 4 5 7 8 10 12 | 12.0
Fighting       | |  1.0
Short Blades   | |  1.0
Dodging        | |  2.0
Evocations     | |  3.2

Action                   |  1- 3 |  4- 6 |  7- 9 || total
-------------------------+-------+-------+-------++-------
Melee: Short sword       |    43 |     7 |       ||    50
       Constrict         |    14 |    21 |    20 ||    55
       Tentacles         |    10 |    19 |    24 ||    53
       Falchion          |       |    66 |    96 ||   162
       Unarmed           |       |     6 |       ||     6
Evoke: Wand              |     1 |       |     1 ||     2
  Use: Potion            |       |     7 |       ||     7
 Stab: Sleeping          |     7 |    10 |    12 ||    29
       Distracted        |       |       |     1 ||     1
       Invisible         |       |       |     1 ||     1
  Eat: Chunk             |       |     1 |       ||     1
       Pizza             |       |     1 |       ||     1
       Meat ration       |       |     1 |       ||     1
       Fruit             |       |       |     8 ||     8
Armor: Skin              |     1 |     3 |     2 ||     6
Dodge: Dodged            |    14 |    40 |    40 ||    94
